Map: Chantier naval orbital

Players

Nars

  • Race: Protoss Protoss

BiiiiiiiiiiG - Winner!

  • Race: Terran Terran

VOD

Have the link to the VOD?

Description

Time

  • Played on: May 16, 2015, 2:12 p.m.
  • Length: 9:26
Show
View Real Time Build Order
Export as new Build Order

Nars Protoss 

Build Orders: 1 Gate Expand 

Get SALT Encoding   

  12  0:01  Probe  
  13  0:13  Pylon  
  13  0:18  Probe  
  14  0:31  Probe (Chrono Boost)  
  15  0:40  Gateway  
  16  0:43  Probe (Chrono Boost)  
  16  0:48  Assimilator  
  16  0:49  Probe (Chrono Boost)  
  17  1:14  Nexus  
  17  1:18  Probe (Chrono Boost)  
  18  1:28  Probe (Chrono Boost)  
  19  1:33  Cybernetics Core  
  19  1:37  Probe  
  20  1:44  Assimilator  
  20  1:49  Probe (Chrono Boost)  
  20  1:53  Pylon  
  21  1:59  Probe (Chrono Boost)  
  22  2:11  Mothership Core (Chrono Boost)  
  22  2:14  Adept  
  26  2:19  Warp Gate  
  26  2:25  Probe (Chrono Boost)  
  26  2:26  Probe  
  28  2:38  Probe, Robotics Facility  
  29  2:55  Probe x2 (Chrono Boost)  
  31  3:00  Adept  
  33  3:07  Probe (Chrono Boost)  
  33  3:08  Probe (Chrono Boost)  
  35  3:13  Assimilator  
  35  3:14  Probe  
  35  3:15  Probe  
  35  3:17  Assimilator  
  37  3:26  Probe, Warp Prism (Chrono Boost)  
  40  3:27  Probe  
  41  3:47  Nexus  
  41  3:49  Pylon  
  41  3:52  Probe (Chrono Boost)  
  41  3:55  Probe (Chrono Boost)  
  43  4:04  Robotics Bay  
  43  4:07  Probe (Chrono Boost)  
  44  4:12  Probe  
  45  4:17  Probe (Chrono Boost)  
  45  4:20  Gateway  
  45  4:24  Probe (Chrono Boost)  
  47  4:29  Probe (Chrono Boost), Zealot  
  50  4:33  Probe (Chrono Boost)  
  51  4:40  Probe (Chrono Boost)  
  52  4:45  Pylon  
  52  4:58  Probe (Chrono Boost)  
  52  4:59  Probe (Chrono Boost)  
  54  5:00  Pylon  
  56  5:10  Probe (Chrono Boost)  
  56  5:13  Disruptor (Chrono Boost)  
  56  5:14  Probe (Chrono Boost)  
  59  5:16  Probe (Chrono Boost)  
  59  5:17  Gateway  
  59  5:20  Probe (Chrono Boost)  
  61  5:22  Probe (Chrono Boost)  
  61  5:30  Disruptor  
  61  5:40  Observer (Chrono Boost)  
  61  5:41  Assimilator  
  62  5:45  Assimilator  
  62  5:46  Probe (Chrono Boost)  
  62  5:47  Probe (Chrono Boost)  
  62  5:49  Forge  
  65  5:52  Probe (Chrono Boost)  
  65  5:53  Stalker x2  
  65  5:54  Pylon  
  72  6:07  Disruptor (Chrono Boost)  
  72  6:09  Probe x2  
  72  6:11  Probe  
  75  6:21  Probe  
  73  6:35  Probe x2  
  75  6:40  Forge  
  75  6:45  Pylon  
  79  6:51  Probe (Chrono Boost)  
  79  6:52  Probe x2 (Chrono Boost), Disruptor  
  82  6:59  Adept  
  82  7:00  Adept x2  
  90  7:03  Probe x2 (Chrono Boost), Extended Thermal Lance (Chrono Boost)  
  90  7:04  Disruptor  
  90  7:06  Twilight Council  
  90  7:11  Gateway  
  90  7:15  Gateway  
  90  7:28  Observer (Chrono Boost)  
  87  7:33  Stalker x3  
  74  7:59  Disruptor  
  74  8:01  Stalker x2  
  74  8:02  Stalker, Disruptor (Chrono Boost)  
  74  8:05  Gateway  
  64  8:10  Sentry  
  54  8:28  Stalker x4  
  67  8:36  Mothership Core  
  67  8:39  Stalker  
  45  8:56  Stalker  
  45  8:57  Stalker x3  
Show
View Real Time Build Order
Export as new Build Order

BiiiiiiiiiiG Terran - Winner!

Build Orders: Reaper Expand, MMM Bio 

Get SALT Encoding   

  12  0:01  SCV  
  13  0:13  SCV  
  14  0:18  Supply Depot  
  14  0:25  SCV  
  15  0:39  SCV  
  16  0:44  Barracks  
  16  0:50  Refinery  
  16  0:51  SCV  
  17  1:03  SCV  
  18  1:16  SCV  
  19  1:30  Orbital Command  
  19  1:34  Reaper  
  19  1:38  Command Center  
  20  1:49  Supply Depot  
  20  1:53  Refinery  
  20  1:57  SCV  
  21  2:09  Barracks  
  21  2:16  Barracks Reactor  
  21  2:18  Supply Depot, SCV  
  22  2:28  Factory  
  22  2:31  SCV  
  23  2:43  SCV  
  24  2:49  Bunker  
  24  2:53  Orbital Command  
  24  2:54  Marine  
  24  2:55  SCV, Marine  
  26  3:07  SCV  
  26  3:08  Supply Depot  
  26  3:09  Barracks Tech Lab  
  27  3:15  Starport  
  27  3:17  Widow Mine  
  29  3:23  SCV x2  
  31  3:31  Marine  
  31  3:33  Marine  
  33  3:35  SCV x2, Marine  
  36  3:46  Stimpack  
  36  3:47  SCV x2  
  38  3:48  Widow Mine  
  38  3:50  Marine  
  38  3:52  Medivac  
  38  3:53  Marine  
  44  3:59  SCV  
  44  4:00  SCV  
  46  4:06  Supply Depot  
  46  4:08  Marauder, Marine  
  49  4:11  SCV  
  49  4:12  SCV  
  51  4:17  Widow Mine  
  51  4:24  SCV x2  
  55  4:36  SCV x2  
  57  4:41  Barracks, Starport Reactor  
  57  4:42  Marine x2  
  57  4:43  Supply Depot, Barracks  
  57  4:44  Supply Depot  
  61  4:45  Marauder  
  61  4:48  SCV  
  61  4:49  SCV  
  61  4:51  Barracks  
  60  5:00  SCV  
  60  5:05  Marine x2  
  60  5:06  Marine  
  62  5:09  SCV  
  62  5:12  SCV  
  64  5:21  SCV  
  65  5:23  Marine x2  
  65  5:24  SCV  
  68  5:31  Marauder, Marine x2  
  68  5:33  SCV  
  73  5:36  SCV  
  74  5:44  Barracks Tech Lab  
  74  5:45  SCV  
  74  5:46  Widow Mine  
  74  5:48  SCV, Medivac x2  
  74  5:49  Barracks Reactor  
  82  5:50  Barracks Tech Lab  
  82  5:55  Marauder, Refinery, Marine x2  
  86  6:06  SCV x2  
  86  6:17  Marine x3  
  86  6:18  Supply Depot, Marauder x2  
  93  6:20  Supply Depot  
  93  6:21  Widow Mine  
  87  6:33  Marine x2  
  87  6:34  Combat Shields  
  87  6:35  Marine x2  
  87  6:36  Concussive Shells, Marauder  
  87  6:38  SCV  
  87  6:39  Medivac, Marine x2  
  99  6:40  SCV  
  99  6:42  Command Center  
  99  6:50  SCV, Engineering Bay  
  99  6:51  Engineering Bay, Marine  
  99  6:52  SCV  
  99  6:53  Refinery  
  102  6:57  Medivac  
  102  6:58  Marauder  
  102  6:59  Marauder, Marine x2  
  110  7:08  SCV, Supply Depot, Marine x2  
  113  7:09  Supply Depot  
  113  7:13  Supply Depot  
  113  7:20  Marauder  
  115  7:36  Marine x3, Marauder x2  
  122  7:37  Marine  
  122  7:41  Marauder  
  118  7:54  Marine x3  
  118  7:57  Marauder  
  118  7:58  Marauder  
  121  8:01  Marine  
  121  8:03  Marauder  
  125  8:06  Orbital Command  
  125  8:10  Bunker  
  125  8:11  Missile Turret  
  125  8:12  Marine x3  
  125  8:19  Marine, Marauder x2  
  130  8:23  Marine  
  130  8:30  Marine  
  131  8:37  Marine x3  
  131  8:40  Marauder x2  
  130  8:41  Marine  
  130  8:45  Barracks  
  130  8:47  SCV, Marine  
  130  8:48  Barracks  
  131  8:49  Barracks  
  131  8:55  Marine x3  
  127  9:00  Marauder  
  127  9:01  Marine x2  
  129  9:05  Marine  
  129  9:06  Missile Turret  
  129  9:08  Missile Turret  
  130  9:13  SCV, Armory  
Tags
 
Add a new tag
Caveats
  • Supply blocks, unpowered buildings, or Contaminate may cause inaccurate times.
  • Supply counts are checked every 10 seconds.